 Dungeon Crawl Stone Soup version 0.23.2-1-ga50397a6bc (webtiles) character file.

Game seed: 14917409872532014159

1011 Mrkan the Carver (level 8, -39/65 HPs)
             Began as a Barachi Fighter on May 20, 2019.
             Hit by a large rock thrown by a cyclops (44 damage)
             ... on level 9 of the Dungeon.
             The game lasted 00:08:06 (4879 turns).

Mrkan the Carver (Barachi Fighter)                  Turns: 4879, Time: 00:08:07

Health: -39/65     AC: 12    Str: 18    XL:     8   Next: 21%
Magic:  8/8        EV:  3    Int:  9    God:
Gold:   211        SH: 14    Dex: 11    Spells: 7/7 levels left

rFire    . . .     SeeInvis .   a - +0 long sword
rCold    . . .     Gourm    .   z - +0 large shield
rNeg     . . .     Faith    .   k - +0 chain mail
rPois    +         Spirit   .   (no helmet)
rElec    .         Reflect  .   (no cloak)
rCorr    .         Harm     .   (no gloves)
MR       .....                  (no boots)
Stlth    ..........             (no amulet)
HPRegen  0.20/turn              (no ring)
MPRegen  0.11/turn              (no ring)

@: slow
A: +LOS, swims, molten scales 2, poison resistance, slowness 1, weak 1, strong
legs 1
a: Hop


You were on level 9 of the Dungeon.
You were hungry.

You visited 1 branch of the dungeon, and saw 7 of its levels.

You collected 211 gold pieces.

Inventory:

Hand Weapons
 a - a +0 long sword (weapon)
 D - a +2 flail of crushing
Armour
 b - a +0 scale mail
 c - a +0 shield
 d - a +0 helmet
 i - a +0 pair of boots of flying
 k - a +0 chain mail (worn)
 u - a +0 hat
 z - a +0 large shield (worn)
Jewellery
 y - an uncursed ring of protection from cold {unknown}
Scrolls
 g - 2 scrolls of teleportation {unknown}
 h - a scroll of blinking {unknown}
 j - 7 scrolls of identify {unknown}
 l - 2 scrolls of fear {unknown}
 n - 2 scrolls of enchant weapon {unknown}
 p - a scroll of noise {unknown}
 q - 2 scrolls of fog {unknown}
 v - 2 scrolls of enchant armour {unknown}
 w - a scroll of random uselessness {unknown}
 A - a scroll of magic mapping {unknown}
 B - a scroll of amnesia {unknown}
 F - a scroll of acquirement {unknown}
Potions
 m - 2 potions of curing
 o - a potion of lignification {unknown}
 r - a potion of haste {unknown}
 s - 3 potions of flight {unknown}
 t - a potion of brilliance {unknown}
 x - a potion of degeneration {unknown}
 C - a potion of ambrosia {unknown}
Comestibles
 f - 10 rations
 E - 2 chunks of flesh


   Skills:
 + Level 6.6 Fighting
 * Level 8.2 Long Blades
 - Level 3.6 Armour
 + Level 6.0 Shields


You had 7 spell levels left.
You didn't know any spells.
Your spell library was empty.

Dungeon Overview and Level Annotations

Branches:
Dungeon (6/15)
 Temple: D:4-7

Altars:
Okawaru
Ru
The Shining One

Annotations:
D:6 4 runed translucent doors


Innate Abilities, Weirdness & Mutations

Shadows flee at your approach. (+LOS)
You can swim through water.
You cover ground slowly.
You can hop short distances.
You are mostly covered in molten scales. (AC +3)
Your system is resistant to poisons. (rPois)
You are weak. (Str -2)


Message History

The orc warrior barely misses you.
You hit the orc warrior.
The orc warrior is severely wounded.
The orc warrior barely misses you.
Your shield and chain mail prevent you from hitting the orc warrior.
The orc warrior is severely wounded.
The orc warrior hits you with a +0 war axe.
* * * LOW HITPOINT WARNING * * *
You closely miss the orc warrior.
The orc warrior is severely wounded.
You block the orc warrior's attack.
You see here 20 stones.
You block the orc warrior's attack.
A cyclops comes into view.
The cyclops throws a large rock.
You block the large rock.
You see here a large rock.
A crimson imp comes into view.
The cyclops throws a large rock.
The large rock hits you!!!
Ouch! That really hurt!
You die...

##.. .... #5. ..C
... #.# ####.####
#.......# #. #@#
#. #o# # #. #(#
.# #.##H##.#
#..†o...# .#.#
#.......#
......######o####
........oo.(.#
##.##.########


You could see a cyclops, a hippogriff, an orc warrior, a crimson imp and 2 orcs.

Vanquished Creatures
  Edmund (D:5)
  Duvessa (D:5)
  A sky beast (D:5)
  A centaur (D:5)
  Dowan (D:5)
  2 scorpions
  2 howler monkeys (D:4)
  3 bullfrog skeletons
  A hound (D:5)
  An orc priest (D:4)
  Jessica (D:3)
  A worker ant (D:5)
  A hound skeleton (D:4)
  Robin (D:2)
  6 adders
  3 oozes
  An adder zombie (D:6)
  3 worms
  2 dart slugs
  4 leopard geckos
  7 orcs
  5 giant cockroaches
  18 goblins
  7 hobgoblins
  2 quokkas
  A ball python (D:2)
  10 bats
  6 frilled lizards
  8 kobolds
  A leopard gecko skeleton (D:4)
  13 rats
115 creatures vanquished.

Notes
Turn   | Place    | Note
-------+----------+-------------------------------------------
     0 | D:1      | Mrkan the Barachi Fighter began the quest for the Orb.
     0 | D:1      | Reached XP level 1. HP: 18/18 MP: 1/1
   223 | D:1      | Reached XP level 2. HP: 25/25 MP: 2/2
   236 | D:1      | Reached skill level 3 in Long Blades
   360 | D:1      | Reached XP level 3. HP: 30/30 MP: 3/3
  1125 | D:2      | Noticed Robin
  1155 | D:2      | Killed Robin
  1173 | D:2      | Reached XP level 4. HP: 8/37 MP: 4/4
  1379 | D:2      | Reached skill level 4 in Long Blades
  2423 | D:3      | Found a sacrificial altar of Ru.
  2459 | D:3      | Noticed Jessica
  2472 | D:3      | Killed Jessica
  2472 | D:3      | Reached XP level 5. HP: 20/43 MP: 5/5
  2768 | D:3      | Reached skill level 5 in Long Blades
  2771 | D:3      | You fall through a shaft for 3 floors!
  2799 | D:6      | Found a large runed translucent door.
  2800 | D:6      | Found a large runed translucent door.
  2802 | D:6      | Noticed a wraith
  2803 | D:6      | Noticed an ice beast
  2805 | D:6      | Found a large runed translucent door.
  2813 | D:6      | Found a large runed translucent door.
  2827 | D:5      | Entered Level 5 of the Dungeon
  2833 | D:5      | Noticed a sky beast
  2885 | D:5      | Killed a sky beast
  2885 | D:5      | Reached skill level 5 in Fighting
  2885 | D:5      | Reached XP level 6. HP: 43/51 MP: 6/6
  3393 | D:4      | Reached skill level 6 in Long Blades
  3812 | D:4      | Reached skill level 5 in Shields
  3812 | D:4      | Reached XP level 7. HP: 49/56 MP: 7/7
  3978 | D:4      | Found an iron altar of Okawaru.
  4340 | D:5      | Noticed Duvessa
  4340 | D:5      | Noticed Dowan
  4361 | D:5      | Killed Duvessa
  4361 | D:5      | Reached skill level 7 in Long Blades
  4369 | D:5      | Killed Dowan
  4489 | D:5      | Found a glowing golden altar of the Shining One.
  4668 | D:5      | Noticed Edmund
  4679 | D:5      | Killed Edmund
  4679 | D:5      | Reached skill level 8 in Long Blades
  4679 | D:5      | Reached XP level 8. HP: 58/65 MP: 8/8
  4816 | D:6      | You fall through a shaft for 3 floors!
  4865 | D:9      | Gained mutation: You are partially covered in molten
                  | scales. (AC +2) [potion of mutation]
  4865 | D:9      | Gained mutation: Your system is resistant to poisons.
                  | (rPois) [potion of mutation]
  4865 | D:9      | Gained mutation: You are weak. (Str -2) [potion of
                  | mutation]
  4865 | D:9      | Gained mutation: You are mostly covered in molten scales.
                  | (AC +3) [potion of mutation]
  4866 | D:9      | Noticed a hippogriff
  4870 | D:9      | HP: 3/65 [orc warrior/+0 war axe (4)]
  4877 | D:9      | Noticed a cyclops
  4879 | D:9      | Hit by a large rock thrown by a cyclops

Skill      XL: |  1  2  3  4  5  6  7  8 |
---------------+-------------------------+-----
Long Blades    | 3 4 5 6 8 |  8.2
Fighting       | 4 5 6 |  6.6
Shields        | 4 5 6 |  6.0
Armour         | |  3.6

Action                   |  1- 3 |  4- 6 |  7- 9 || total
-------------------------+-------+-------+-------++-------
Melee: Long sword        |   100 |   264 |   125 ||   489
  Use: Potion            |     1 |     1 |     1 ||     3
  Eat: Chunk             |     1 |     1 |     3 ||     5
       Ration            |       |     3 |       ||     3
Armor: Scale mail        |    41 |       |       ||    41
       Chain mail        |    42 |   177 |    39 ||   258
Dodge: Dodged            |    42 |    79 |    16 ||   137
Block: Shield            |    78 |   172 |    19 ||   269
       Large shield      |       |       |    59 ||    59
       Rpst.: Long sword |    10 |    21 |     5 ||    36
